Map: Eternal Empire LE

Players

A.I. 1 (Very Easy)

  • Race: Zerg Zerg
  • Spawn Location: 1:00

Cyanine - Winner!

  • Race: Terran Terran
  • Spawn Location: 7:00

VOD

https://www.youtube.com/watch?v=3PJRyUsmgn0&t=3s&ab_channel=Reyugoesrawr

Description

Time

  • Played on: Sept. 14, 2020, 5:49 a.m.
  • Length: 10:53
Show
View Real Time Build Order
Export as new Build Order

A.I. 1 (Very Easy) Zerg 

Build Orders: Hatch First 

Get SALT Encoding   

  12  0:00  Drone  
  13  0:12  Overlord  
  13  0:16  Drone  
  14  0:44  Hatchery  
  14  0:45  Drone  
  14  1:05  Spawning Pool  
  14  1:07  Extractor  
  14  1:08  Drone  
  13  1:16  Drone  
  14  1:22  Overlord  
  14  1:52  Queen  
  14  1:53  Zergling x2  
  17  1:55  Zergling x2  
  17  2:00  Roach Warren  
  17  2:05  Drone  
  18  2:10  Extractor  
  18  2:13  Drone  
  18  2:18  Zergling x2  
  19  2:23  Drone  
  20  2:30  Drone  
  21  2:37  Drone  
  22  2:44  Drone  
  23  2:51  Drone  
  23  2:58  Lair  
  24  3:00  Drone  
  25  3:27  Drone  
  26  3:34  Drone  
  26  3:41  Overlord, Drone  
  27  3:49  Drone  
  27  3:53  Zergling x2  
  29  3:56  Drone  
  29  3:57  Spire  
  29  4:03  Drone  
  29  4:09  Overseer  
  30  4:11  Drone  
  30  4:14  Overseer  
  31  4:18  Drone  
  32  4:25  Drone  
  32  4:26  Overlord  
  33  4:32  Drone  
  34  4:39  Drone  
  35  4:46  Drone  
  35  4:52  Extractor  
  35  4:54  Drone  
  35  4:59  Extractor  
  35  5:01  Drone  
  35  5:04  Zergling x2  
  35  5:08  Drone  
  30  5:15  Drone  
  25  5:23  Drone  
  22  5:30  Drone  
  22  5:37  Drone  
  22  5:43  Mutalisk  
  22  5:44  Drone  
  24  5:52  Drone  
  24  5:59  Drone  
  25  6:06  Drone  
  25  6:13  Drone  
  25  6:20  Drone  
  25  6:24  Zergling x2  
  27  6:27  Drone  
  26  6:35  Drone  
  27  6:42  Drone  
  28  6:49  Drone  
  29  6:56  Drone  
  30  7:03  Mutalisk, Drone  
  33  7:10  Drone  
  34  7:17  Overseer  
  34  7:18  Drone  
  35  7:25  Drone  
  35  7:26  Overlord  
  36  7:32  Drone  
  37  7:39  Drone  
  37  7:44  Zergling x2  
  39  7:46  Drone  
  40  7:53  Drone  
  41  8:00  Drone  
  42  8:08  Drone  
  43  8:15  Drone  
  44  8:22  Drone  
  44  8:23  Overlord  
  45  8:29  Drone  
  45  8:35  Zergling x2  
  45  8:37  Queen, Drone  
  40  8:44  Drone  
  40  8:47  Overlord  
  29  8:51  Drone  
  29  8:53  Overseer  
  25  8:59  Drone  
  26  9:06  Drone  
  28  9:13  Drone  
  28  9:17  Overseer  
  25  9:32  Roach  
  27  9:41  Hatchery  
  27  9:42  Overlord, Overseer  
  21  10:01  Overlord, Zergling x2  
  21  10:03  Drone  
  24  10:10  Drone  
  19  10:18  Drone  
  19  10:21  Overlord  
  13  10:25  Drone  
Show
View Real Time Build Order
Export as new Build Order

Cyanine Terran - Winner!

Build Orders: Liberator Opening, Reaper Expand 

Get SALT Encoding   

  12  0:00  SCV  
  13  0:12  SCV  
  14  0:17  Supply Depot  
  14  0:24  SCV  
  15  0:38  SCV  
  15  0:39  Barracks  
  16  0:43  Refinery  
  16  0:50  SCV  
  17  1:02  SCV  
  18  1:15  SCV  
  19  1:26  Reaper  
  19  1:27  Orbital Command  
  20  1:40  Command Center  
  20  1:48  Supply Depot  
  20  1:54  SCV  
  20  1:58  Marine  
  22  2:06  SCV  
  23  2:10  Factory  
  23  2:13  Refinery  
  23  2:18  SCV  
  23  2:19  Barracks Reactor  
  24  2:31  SCV  
  25  2:43  SCV  
  26  2:53  Orbital Command  
  26  2:55  Starport, SCV  
  27  3:02  Hellion x2  
  27  3:03  Marine  
  32  3:07  SCV  
  33  3:16  Supply Depot  
  33  3:19  SCV  
  35  3:20  SCV  
  35  3:21  Barracks Tech Lab  
  35  3:23  Hellion x2  
  39  3:31  SCV  
  39  3:32  Liberator, SCV  
  44  3:43  SCV  
  44  3:44  SCV  
  44  3:45  Hellion x2  
  44  3:48  Supply Depot  
  50  3:51  Stimpack  
  51  3:55  SCV  
  51  3:56  SCV  
  52  4:07  SCV  
  52  4:08  SCV  
  54  4:11  Command Center  
  54  4:20  Barracks  
  54  4:21  Barracks  
  54  4:22  Starport Reactor  
  54  4:23  SCV  
  55  4:24  SCV  
  55  4:29  Supply Depot  
  56  4:34  Factory Reactor  
  56  4:36  SCV x2  
  58  4:41  Engineering Bay  
  58  4:42  Engineering Bay  
  58  4:43  Refinery  
  58  4:46  Refinery  
  58  4:48  SCV  
  59  4:53  Marine, SCV  
  61  5:00  SCV  
  61  5:05  SCV  
  63  5:09  Terran Infantry Armor Level 1, Terran Infantry Weapons Level 1  
  63  5:12  Marine x2, SCV  
  66  5:15  Marine  
  66  5:17  SCV  
  68  5:22  Starport Reactor  
  68  5:23  Barracks  
  68  5:24  SCV  
  68  5:28  Factory Reactor, Barracks  
  69  5:29  Marine x3, SCV  
  69  5:31  Marine  
  69  5:35  Orbital Command  
  74  5:37  SCV  
  74  5:41  SCV  
  74  5:42  Supply Depot  
  76  5:44  Marine  
  76  5:45  Combat Shield  
  76  5:48  Marine  
  76  5:49  Marine  
  79  5:50  Marine x2  
  79  5:53  SCV x2  
  83  5:58  Medivac, Orbital Command  
  83  6:03  Medivac  
  87  6:05  SCV x2  
  87  6:10  Supply Depot  
  87  6:11  Marine x4  
  93  6:19  Factory Reactor  
  93  6:21  Supply Depot  
  93  6:22  Supply Depot  
  93  6:29  Armory  
  93  6:31  Marine x5, SCV x3  
  101  6:33  Refinery  
  101  6:38  Medivac  
  100  6:43  Medivac  
  100  6:46  SCV x3  
  105  6:47  Supply Depot  
  105  6:48  Marine x4  
  105  6:49  Marine x2, Supply Depot  
  111  6:56  Refinery  
  111  6:58  SCV x2  
  111  6:59  SCV  
  111  7:00  Marine x3  
  117  7:08  Marine  
  117  7:09  Widow Mine x2  
  117  7:10  SCV  
  117  7:13  Marine  
  117  7:14  Marine x4  
  128  7:16  Supply Depot  
  128  7:17  Marine  
  128  7:18  Medivac x2, Supply Depot  
  133  7:30  Terran Infantry Weapons Level 2  
  133  7:33  Terran Infantry Armor Level 2  
  133  7:37  Marauder, Widow Mine x2, SCV x2  
  133  7:39  Marine x4, SCV  
  133  7:40  Marine x3  
  149  7:47  Terran Vehicle And Ship Armor Level 1  
  149  7:51  Supply Depot  
  149  7:52  Factory  
  149  7:55  Command Center  
  149  8:00  Supply Depot  
  149  8:02  Supply Depot  
  149  8:12  Marine, SCV x2  
  152  8:18  Barracks  
  152  8:19  Barracks  
  152  8:22  Barracks  
  152  8:24  Medivac x2, Marine  
  152  8:25  Marauder, Marine x6  
  165  8:28  Supply Depot  
  165  8:31  Supply Depot  
  165  8:35  Factory Tech Lab, Widow Mine x2  
  165  8:39  Marine  
  168  8:42  Marine x2  
  168  8:43  Marine  
  168  8:44  SCV x3  
  168  8:47  Marine  
  168  8:48  Marine x4  
  179  8:53  Supply Depot  
  179  8:55  Supply Depot  
  179  9:11  Barracks Tech Lab x3  
  179  9:12  Marine x8  
  179  9:13  Marauder  
  179  9:14  Drilling Claws  
  179  9:15  Medivac, Widow Mine x3  
  179  9:16  Medivac  
  199  9:30  Unknown  
  199  9:31  Marine  
  200  9:35  Planetary Fortress  
  200  9:59  Command Center  
  200  10:21  Command Center  
  200  10:24  Starport  
  200  10:25  Fusion Core  
  200  10:26  Starport  
  200  10:31  Ghost Academy  
  200  10:33  Factory  
Tags
 
Add a new tag
Caveats
  • Supply blocks, unpowered buildings, or Contaminate may cause inaccurate times.
  • Supply counts are checked every 10 seconds.